 Dungeon Crawl Stone Soup version 0.23-a0-536-g5e0f5a2 (webtiles) character file.

70 tilp the Chiller (level 4, -8/30 HPs)
             Began as a Merfolk Ice Elementalist on Dec 6, 2018.
             Mangled by a wight
             ... wielding a cursed +2 flail
              (10 damage)
             ... on level 2 of the Dungeon.
             The game lasted 00:05:43 (2043 turns).

tilp the Chiller (Merfolk Ice Elementalist)         Turns: 2043, Time: 00:05:43

Health: -8/30      AC:  2    Str:  8    XL:     4   Next: 21%
Magic:  7/7        EV: 13    Int: 15    God:
Gold:   152        SH:  0    Dex: 14    Spells: 1/7 levels left

rFire    . . .     SeeInvis .   n - +3 dagger
rCold    . . .     Gourm    .   (no shield)
rNeg     . . .     Faith    .   a - +0 robe
rPois    .         Spirit   .   (no helmet)
rElec    .         Reflect  .   (no cloak)
rCorr    .         Harm     .   (no gloves)
MR       .....                  (no boots)
Stlth    ++........             (no amulet)
HPRegen  0.10/turn              (no ring)
MPRegen  0.10/turn              (no ring)

@: drained
A: change form in water, swift swim, stealthy swim
a: no special abilities


You were on level 2 of the Dungeon.
You were not hungry.

You visited 1 branch of the dungeon, and saw 3 of its levels.

You collected 152 gold pieces.

Inventory:

Hand Weapons
 n - a +3 dagger (weapon)
 p - a +0 spear
Missiles
 l - 43 stones (quivered)
Armour
 a - a +0 robe (worn)
Jewellery
 o - an uncursed ring of positive energy {unknown}
 q - an uncursed ring of fire {unknown}
Scrolls
 b - 5 scrolls of identify {unknown}
 d - 2 scrolls of remove curse {unknown}
 e - a scroll of magic mapping {unknown}
 j - a scroll of teleportation {unknown}
 k - a scroll of immolation {unknown}
 m - 2 scrolls of enchant weapon {unknown}
Potions
 g - 2 potions of curing {unknown}
 h - a potion of heal wounds {unknown}
 i - a potion of haste {unknown}
 r - a potion of invisibility {unknown}
Comestibles
 c - 4 rations
 f - a chunk of flesh


   Skills:
 - Level 2.6(2.3) Dodging
 - Level 2.1(1.8) Stealth
 - Level 2.0(1.6) Spellcasting
 - Level 0.7(0.4) Conjurations
 + Level 5.4(5.0) Ice Magic


You had one spell level left.
You knew the following spells:

 Your Spells              Type           Power        Failure   Level  Hunger
a - Freeze                Ice            ###.         2%          1    ##.....
b - Throw Frost           Conj/Ice       #.....       12%         2    ###....
c - Ozocubu's Armour      Chrm/Ice       #.......     24%         3    ####...

Your spell library contained the following spells:

 Spells                   Type           Power        Failure   Level  Hunger
 Throw Icicle             Conj/Ice       #.......     58%         4    #####..
 Summon Ice Beast         Ice/Summ       #.......     63%         4    #####..


Dungeon Overview and Level Annotations

Branches:
Dungeon (3/15)

Altars:
Fedhas
Yredelemnul


Message History

Some of the chunks of flesh in your inventory have rotted away.
You see here a sedimented green potion.
r - a sedimented green potion A worm comes into view.
There is a stone staircase leading up here.
The wight barely misses you.
You climb upwards.
There is a stone staircase leading down here.
You hit the wight but do no damage.
The wight hits you with a cursed +2 flail!
You barely miss the wight. The wight misses you.
Some of the chunks of flesh in your inventory have rotted away.
You hit the wight but do no damage.
The wight hits you with a cursed +2 flail!
* * * LOW HITPOINT WARNING * * *
You feel drained.
* * * LOW HITPOINT WARNING * * *
You barely miss the wight.
The wight hits you with a cursed +2 flail!
You die...

# #.# ##.##.#
#.# # #.#
##...#.## #.# #
#.######.).....#
#.# #
#............#.#
#.# #
#.######.......#
#.# # ##.#
##...####
#######.# # #..#
##.## #.......#
# #.## #.#
#.####### # #.#
#@# #.# # #.#
#z# #.# # #.#
#.# ##.## # #.#
#>######...#####
# #.#
#........#.....#
# #.#######
#.######...###.#
# #.......# #..#
##.## #.#
#######.# ##.##
#.# #.#
#.###...## #.#
#.#


You could see a wight.

Vanquished Creatures
  2 adders (D:3)
  An ooze (D:2)
  A worm (D:2)
  A dart slug (D:2)
  4 leopard geckos
  4 goblins
  5 hobgoblins
  A quokka (D:3)
  A ball python (D:1)
  3 bats
  A frilled lizard (D:1)
  A jackal zombie (D:2)
  8 kobolds
  6 rats
39 creatures vanquished.

Vanquished Creatures (others)
  A rat (D:2)
1 creature vanquished.

Grand Total: 40 creatures vanquished

Notes
Turn   | Place    | Note
-------+----------+-------------------------------------------
     0 | D:1      | tilp the Merfolk Ice Elementalist began the quest for the
                  | Orb.
     0 | D:1      | Reached XP level 1. HP: 13/13 MP: 3/3
   393 | D:1      | Reached XP level 2. HP: 19/19 MP: 5/5
   401 | D:1      | Reached skill level 4 in Ice Magic
   677 | D:2      | Learned a level 2 spell: Throw Frost
   888 | D:2      | Found a runed door.
   888 | D:2      | Noticed a human
   895 | D:2      | Found a basalt altar of Yredelemnul.
   956 | D:2      | Reached XP level 3. HP: 17/24 MP: 2/6
   961 | D:2      | Learned a level 3 spell: Ozocubu's Armour
  1197 | D:2      | Found a blossoming altar of Fedhas.
  1633 | D:3      | Reached skill level 5 in Ice Magic
  1815 | D:3      | Reached XP level 4. HP: 27/30 MP: 4/7
  2043 | D:2      | Mangled by a wight

Vault maps used:
D:1:      grunt_arrival_crossed_arrows, grunt_decor_mini_mirrors
D:2:      lemuel_round_altar, dk_yredelemnul_ordeal
D:3:      first_ration

Skill      XL: |  1  2  3 |
---------------+----------+-----
Ice Magic      | 4 5 |  5.4
Dodging        | |  2.6
Stealth        | |  2.1
Spellcasting   | |  2.0
Conjurations   | |  0.7

Action                   |  1- 3 |  4- 6 || total
-------------------------+-------+-------++-------
Melee: Short sword       |    29 |       ||    29
       Dagger            |    23 |     6 ||    29
 Cast: Freeze            |    37 |     2 ||    39
       Throw Frost       |       |     1 ||     1
 Stab: Sleeping          |     2 |       ||     2
  Eat: Chunk             |     4 |       ||     4
Armor: Robe              |    12 |     1 ||    13
Dodge: Dodged            |    65 |     7 ||    72

Table legend:
 A = Non-vault XP
 B = Vault XP
 C = Vault XP percentage of total XP
 D = Non-vault monster count
 E = Vault monster count
 F = Vault count percentage of total count
                 A         B        C        D         E       F
            +---------+---------+-------+---------+---------+-------
      Total |      99 |       1 |   1.0 |      38 |       1 |   2.6
            +---------+---------+-------+---------+---------+-------
        D:1 |      21 |       0 |   0.0 |      13 |       0 |   0.0
        D:2 |      37 |       1 |   2.6 |      16 |       1 |   5.9
        D:3 |      41 |       0 |   0.0 |       9 |       0 |   0.0
            +---------+---------+-------+---------+---------+-------
